 Dungeon Crawl Stone Soup version 0.20-a0-1118-g35a2cd3 (webtiles) character file.

10 RKaid the Ruffian (level 2, 0/23 HPs)
             Began as a Draconian Transmuter on May 10, 2017.
             Slain by a jackal (2 damage)
             ... on level 1 of the Dungeon.
             The game lasted 00:04:20 (302 turns).

RKaid the Ruffian (Draconian Transmuter)             Turns: 302, Time: 00:04:20

Health: 0/23       AC:  4    Str: 12    XL:     2   Next: 10%
Magic:  5/5        EV: 12    Int: 13    God:
Gold:   39         SH:  0    Dex: 11    Spells: 4/5 levels left

rFire    . . .     SeeInvis .     - Unarmed
rCold    . . .     Gourm    .   (no shield)
rNeg     . . .     Faith    .   (armour unavailable)
rPois    .         Spirit   .   (helmet restricted)
rElec    .         Reflect  .   (no cloak)
rCorr    .         Harm     .   (no gloves)
MR       .....                  (no boots)
Stlth    +.........             (no amulet)
Regen    0.1/turn               (no ring)
MPRegen  0.1/turn               (no ring)

@: no status effects
A: unfitting armour, cold-blooded, AC +4
a: no special abilities


You were on level 1 of the Dungeon.
You were not hungry.

You visited 1 branch of the dungeon, and saw 1 of its levels.

You collected 39 gold pieces.

Inventory:

Missiles
 a - 12 arrows
 d - 29 stones (quivered)
Books
 b - a book of Changes
Comestibles
 c - a bread ration
 f - 4 chunks of flesh


   Skills:
 + Level 1.2 Fighting
 - Level 1.7 Dodging
 * Level 3.3 Unarmed Combat
 + Level 2.1 Spellcasting
 * Level 2.2 Transmutations


You had 4 spell levels left.
You knew the following spells:

 Your Spells              Type           Power        Failure   Level  Hunger
a - Beastly Appendage     Tmut           #.....       10%         1    ##.....


Dungeon Overview and Level Annotations

Branches:
Dungeon (1/15)

Altars:


Innate Abilities, Weirdness & Mutations

Your plain brown scales are hard. (AC +4)
You cannot fit into any form of body armour.
You are cold-blooded and may be slowed by cold attacks.


Message History

As you read the scroll labeled HOALI MOSAKENK, it crumbles to dust.
It is a scroll of enchant armour.
You aren't carrying any armour which can be enchanted further.
The jackal barely misses you.
The jackal bites you but does no damage.
A rat comes into view.
The jackal closely misses you. The jackal closely misses you.
Things that are here:
a club; a hobgoblin corpse The jackal barely misses you.
There is an open door here.
The jackal misses you. The jackal closely misses you.
The jackal barks!
The jackal closely misses you. The jackal closely misses you.
The jackal misses you. The jackal barely misses you.
The jackal barely misses you. The jackal bites you.
The jackal bites you but does no damage.
The jackal closely misses you.
Some of the chunks of flesh in your inventory have rotted away.
The jackal barely misses you.
The jackal bites you but does no damage.
The jackal bites you but does no damage.
A hobgoblin opens the door.
The jackal bites you. The jackal barely misses you.
The jackal barely misses you.
A jackal comes into view.
The jackal barks!
A jackal comes into view.
Casting: Beastly Appendage
Confirm with . or Enter, or press ? or * to list all spells.
Your feet morph into talons.
The jackal barks!
The jackal bites you but does no damage.
The jackal closely misses you.
You hit the jackal. You claw the jackal, but do no damage.
The jackal barely misses you.
You hit the jackal but do no damage. The jackal barely misses you.
The jackal bites you but does no damage.
The jackal misses you.
You closely miss the jackal.
The jackal bites you but does no damage.
The jackal bites you.
* * * LOW HITPOINT WARNING * * *
You hit the jackal but do no damage. The jackal misses you.
The jackal bites you but does no damage.
The jackal closely misses you.
You closely miss the jackal. Your kick misses the jackal.
Your tail-slap misses the jackal.
The jackal barely misses you. The jackal closely misses you.
The jackal bites you but does no damage.
You hit the jackal. You claw the jackal.
You kill the jackal!
The jackal bites you but does no damage.
You hit the jackal.
Your transformation is almost over.
The jackal barely misses you. The jackal bites you.
* * * LOW HITPOINT WARNING * * *
The jackal barely misses you.
You hit the jackal but do no damage. The jackal barely misses you.
The jackal closely misses you.
You closely miss the jackal.
The jackal bites you but does no damage. x2
The jackal closely misses you.
You hit the jackal.
You kill the jackal!
You have reached level 2!
The jackal bites you but does no damage.
The jackal closely misses you. The rat bites you but does no damage.
You hit the rat but do no damage. The jackal misses you.
The rat bites you but does no damage.
You hit the rat.
You kill the rat!
The jackal misses you.
You hit the hobgoblin.
You kill the hobgoblin!
The jackal barely misses you.
The jackal bites you but does no damage.
You see here a leather armour.
Your talons disappear.
The jackal barely misses you.
You hit the jackal. The jackal closely misses you.
Press: ? - help, v - describe, . - travel
Here: a jackal (heavily wounded)
The floor.
The jackal bites you.
* * * LOW HITPOINT WARNING * * *
The jackal bites you but does no damage.
There is an open door here.
The jackal barely misses you.
You see here 29 stones.
The jackal bites you.
* * * LOW HITPOINT WARNING * * *
The jackal bites you.
You die...

..........#.# #.# ####
..........#.# #.# ...
.#.#'#.#....###.##.####
.#.#.#.................
.#.#.#....##.......#
.#.#.#......####.#.###.#
...#.#......'.(h........
...#.#......####h#...... .
...#<#......# #@#...#.#+## .
#.#.###### #.#...#....# #
#.#.# #.#...#....# #
#.#.#########.#...#....####.##
#.#.[.......#.#...#....'....##
#.#.#######.#.#...#....#######
#+#.# #.#.#...#....'..)... #.#
#.#.#...#....#..#### #.#
#.#.#..rg....#.....#


You could see 2 jackals.

Vanquished Creatures
  A leopard gecko (D:1)
  3 hobgoblins (D:1)
  2 jackals (D:1)
  2 rats (D:1)
8 creatures vanquished.

Notes
Turn   | Place    | Note
-------+----------+-------------------------------------------
     0 | D:1      | RKaid the Draconian Transmuter began the quest for the Orb.
     0 | D:1      | Reached XP level 1. HP: 16/16 MP: 3/3
   201 | D:1      | HP: 4/16 [hobgoblin (4)]
   276 | D:1      | HP: 4/16 [jackal (1)]
   283 | D:1      | Reached XP level 2. HP: 4/23 MP: 3/5
   293 | D:1      | HP: 4/23 [jackal (1)]
   300 | D:1      | HP: 2/23 [jackal (2)]
   302 | D:1      | Slain by a jackal

Vault maps used:
D:1:      evilmike_arrival_run_for_it

Action                   || total
-------------------------++-------
Melee: Unarmed           ||    32
       Kick              ||     4
       Tailslap          ||     1
 Cast: Beastly Appendage ||     4
  Use: Scroll            ||     1
Armor: Skin              ||    21
Dodge: Dodged            ||    47

Table legend:
 A = Turns spent in this place as a percentage of turns spent in the entire game.
 B = Non-inter-level travel turns spent in this place as a percentage of non-inter-level travel turns spent in the entire game.
 C = Inter-level travel turns spent in this place as a percentage of turns spent in this place.
 D = Turns resting spent in this place as a percentage of non-inter-level travel turns spent in this place.
 E = Turns spent auto-exploring this place as a percentage of non-inter-level travel turns spent in this place.
 F = Non-inter-level travel turns spent in this place divided by the number of levels of this place that you've seen.
                   A       B       C       D       E      F
               +-------+-------+-------+-------+-------+----------------------
         Total | 100.0 | 100.0 |   0.0 |   2.0 |   0.0 | 245.0
       Dungeon | 100.0 | 100.0 |   0.0 |   2.0 |   0.0 | 245.0
               +-------+-------+-------+-------+-------+----------------------

Table legend:
 A = Kills in this place as a percentage of kills in entire the game.
 B = Kills by you in this place as a percentage of kills by you in the entire game.
 C = Kills by friends in this place as a percentage of kills by friends in the entire game.
 D = Other kills in this place as a percentage of other kills in the entire game.
 E = Experience gained in this place as a percentage of experience gained in the entire game.
 F = Experience gained in this place divided by the number of levels of this place that you have seen.
                   A       B       C       D       E      F
               +-------+-------+-------+-------+-------+----------------------
         Total | 100.0 | 100.0 |  -nan |  -nan | 100.0 |  15.0
       Dungeon | 100.0 | 100.0 |  -nan |  -nan | 100.0 |  15.0
               +-------+-------+-------+-------+-------+----------------------
